 Dungeon Crawl Stone Soup version 0.24-a0-25-g8489be9 (webtiles) character file.

Game seed: 13834947289287976090

16564 Larett the Severer (level 12, -18/112 HPs)
             Began as a Minotaur Berserker on Feb 1, 2019.
             Was a High Priest of Trog.
             Demolished by an orc warlord
             ... wielding a +1 long sword of slicing
              (27 damage)
             ... on level 1 of the Orcish Mines.
             The game lasted 00:34:25 (11520 turns).

Larett the Severer (Minotaur Berserker)            Turns: 11520, Time: 00:34:25

Health: -18/112    AC: 13    Str: 27    XL:     12   Next: 11%
Magic:  12/12      EV:  9    Int:  4    God:    Trog [*****.]
Gold:   198        SH:  0    Dex: 18    Spells: 11/11 levels left

rFire    + . .     SeeInvis +   z - +1 war axe (vamp)
rCold    . . .     Gourm    .   (no shield)
rNeg     . . .     Faith    .   t - +3 chain mail of Leaves {Str+5 Dex+3}
rPois    .         Spirit   .   (helmet restricted)
rElec    .         Reflect  .   (no cloak)
rCorr    .         Harm     .   (no gloves)
MR       +....                  u - +1 pair of boots
Stlth    ..........             (no amulet)
HPRegen  0.28/turn              m - ring of protection from magic
MPRegen  0.13/turn              s - ring of see invisible

@: no status effects
A: retaliatory headbutt, horns 2, blurry vision 2, fire resistance 1, high mp 1
a: Berserk, Trog's Hand, Brothers in Arms, Renounce Religion


You were on level 1 of the Orcish Mines.
You worshipped Trog.
Trog was extremely pleased with you.
You were very hungry.

You visited 2 branches of the dungeon, and saw 11 of its levels.

You collected 591 gold pieces.
You spent 393 gold pieces at shops.

Inventory:

Hand Weapons
 a - a +4 war axe
 b - a +2 spear of flaming
 w - a +2 antimagic battleaxe
 z - a +1 vampiric war axe (weapon)
 I - a +1 spear of venom
Missiles
 d - 368 stones
 j - 326 arrows
 n - 6 silver javelins
 o - 7 curare-tipped needles
 p - 67 sling bullets
 v - 28 poisoned needles
 K - 10 javelins
 L - 5 tomahawks (quivered)
 O - 5 needles of sleeping
 V - 93 bolts
Armour
 t - the +3 chain mail of Leaves (worn) {Str+5 Dex+3}
   (You bought it in a shop on level 9 of the Dungeon)

   It affects your strength (+5).
   It affects your dexterity (+3).
 u - a +1 pair of boots (worn)
 N - a +0 large shield
 U - a +1 leather armour of fire resistance
 X - a +3 ring mail of cold resistance
Jewellery
 m - a ring of protection from magic (left hand)
 s - a ring of see invisible (right hand)
 x - an uncursed ring of stealth
 E - an uncursed ring of positive energy
Wands
 A - a wand of acid (8)
 C - a wand of flame (20)
 D - a wand of digging (6)
 F - a wand of random effects (49)
 S - a wand of polymorph (19)
Scrolls
 r - 5 scrolls of remove curse
 B - a scroll of blinking
 M - 3 scrolls of magic mapping {!r}
 P - 5 scrolls of immolation {!r}
 R - 2 scrolls of torment {!r!r}
 T - 8 scrolls of teleportation
 Y - 3 scrolls of enchant weapon
 Z - 2 scrolls of enchant armour
Potions
 g - 2 potions of brilliance
 q - a potion of ambrosia
 H - 3 potions of lignification {unknown}
 J - a potion of magic {unknown}
 Q - 9 potions of curing
 W - 2 potions of invisibility
Comestibles
 c - 34 rations


   Skills:
 - Level 12.0 Fighting
 - Level 16.1 Axes
 - Level 2.4 Armour
 - Level 2.1 Dodging
 + Level 12.0 Shields


You had 11 spell levels left.
You didn't know any spells.
Your spell library contained the following spells:

 Spells                   Type           Power        Failure   Level  Hunger
 Freeze                   Ice            #...         98%         1    ##.....
 Throw Frost              Conj/Ice       #.....       99%         2    ###....
 Ozocubu's Armour         Chrm/Ice       #.......     100%        3    ####...
 Summon Ice Beast         Ice/Summ       #.......     100%        4    #####..
 Throw Icicle             Conj/Ice       #.......     100%        4    #####..


Dungeon Overview and Level Annotations

Branches:
Dungeon (10/15)            Temple (0/1) D:5            Lair (0/6) D:10
    Orc (1/2) D:10

Altars:
Cheibriados
Fedhas
Trog
Wu Jian
Yredelemnul
Beogh

Shops:
D:9 :[=*(   D:10 *(


Innate Abilities, Weirdness & Mutations

You reflexively headbutt those who attack you in melee.
You have a pair of horns on your head.
Scrolls take you longer to read.
Your flesh is heat resistant. (rF+)
You have an increased reservoir of magic. (+10% MP)


Message History

You hit the orc warrior but do no damage.
The orc warrior no longer looks unusually strong.
The orc warlord roars a battlecry!
The orc warrior goes into a battle-frenzy!
The orc warrior barely misses you.
You hit the orc warrior but do no damage.
The orc warrior is moderately wounded.
Unknown command.
Your chain mail of Leaves prevents you from hitting the orc warrior.
You headbutt the orc warrior, but do no damage.
The orc warrior is moderately wounded.
Your chain mail of Leaves prevents you from hitting the orc warlord.
The orc warrior hits you with a +0 mace.
* * * LOW HITPOINT WARNING * * *
You slash the orc warrior!
You feel better.
You headbutt the orc warrior, but do no damage.
The orc warrior is severely wounded.
You slash the orc warlord!
The orc warlord hits you with a +1 long sword of slicing!!
You die...

##.##.....#.#.#..........#...
#....#..........#...........#
#.....#................$.#.#
#.................#......#
##.......................##
#.............>.))..).....#
#..............()()(.....##
##..............o..))......###
#§...§......(...@o....#....#.##
#§§§............).....###.....#
##§#.........................##
##[......###.................#.##
#.))......#....#.#...##.........#
#.<....#..##.............#.#.#.##
#...#.........#....#......######
##............#..#..#......#
##....).....#..........#.##


You could see an orc warlord and an orc warrior.

Vanquished Creatures
  An ettin (Orc:1)
  4 two-headed ogres
  Pikel (D:9)
  A cyclops (Orc:1)
  Maurice (D:8)
  A gargoyle (D:10)
  3 trolls
  Grinder (D:6)
  A queen bee (D:10)
  A hippogriff (D:8)
  10 yaks
  4 fire bats (D:8)
  The ghost of Chrysalice the Gusty, an amateur DrAE (D:3)
  4 porcupines (D:10)
  A hell hound (D:8)
  8 orc warriors
  5 phantoms
  4 ice beasts
  A sky beast (D:6)
  2 black bears
  A hornet zombie (D:7)
  3 necrophages
  9 centaurs
  8 ogres
  6 bullfrogs
  A gnoll sergeant (D:8)
  A wyvern zombie (D:6)
  A water moccasin skeleton (D:5)
  2 scorpions
  34 killer bees
  2 howler monkeys
  5 wights (D:6)
  2 lava snakes (D:8)
  7 crimson imps
  2 bullfrog zombies
  3 jellies (D:8)
  2 centaur zombies
  A quasit (D:9)
  7 hounds
  9 orc priests
  Natasha (thrice) (D:3)
  9 orc wizards
  Ijyb (D:3)
  An iguana (D:6)
  6 worker ants
  A howler monkey zombie (D:7)
  Robin (D:4)
  7 gnolls
  12 adders
  3 shadow imps
  6 oozes
  2 worms
  4 dart slugs
  5 leopard geckos
  54 orcs
  6 giant cockroaches
  11 goblins
  9 hobgoblins
  6 jackals
  8 kobolds
  4 quokkas
  9 bats
  3 frilled lizards
  A leopard gecko skeleton (D:6)
  A quokka skeleton (D:6)
  10 rats
  3 fire vortices (D:8)
  4 fungi (D:10)
  2 plants (D:10)
353 creatures vanquished.

Vanquished Creatures (others)
  An orc wizard (Orc:1)
  A shadow imp (D:9)
  3 orcs
  10 fungi (D:10)
  2 plants (D:10)
17 creatures vanquished.

Grand Total: 370 creatures vanquished

Notes
Turn   | Place    | Note
-------+----------+-------------------------------------------
     0 | D:1      | Larett the Minotaur Berserker began the quest for the Orb.
     0 | D:1      | Reached XP level 1. HP: 19/19 MP: 0/0
   103 | D:1      | Reached XP level 2. HP: 23/28 MP: 1/1
   348 | D:1      | Reached ** piety under Trog
   541 | D:2      | Reached XP level 3. HP: 17/37 MP: 2/2
   770 | D:2      | Reached skill level 6 in Fighting
   770 | D:2      | Reached XP level 4. HP: 38/44 MP: 3/3
  1109 | D:2      | Reached XP level 5. HP: 51/52 MP: 4/4
  1369 | D:3      | Found an ornate altar of the Wu Jian Council.
  1626 | D:3      | Noticed a phantom
  1631 | D:3      | Reached *** piety under Trog
  1654 | D:3      | Killed a phantom
  1654 | D:3      | Reached XP level 6. HP: 55/62 MP: 5/5
  1698 | D:3      | Noticed Natasha
  1710 | D:3      | Killed Natasha
  1710 | D:3      | Reached skill level 9 in Fighting
  1745 | D:3      | Noticed Natasha
  1751 | D:3      | Killed Natasha
  2049 | D:3      | Found a runed translucent door.
  2054 | D:3      | Noticed Chrysalice's ghost (amateur DrAE)
  2114 | D:3      | Killed Chrysalice's ghost
  2114 | D:3      | Reached XP level 7. HP: 71/71 MP: 6/6
  2208 | D:3      | Noticed Ijyb
  2215 | D:3      | Killed Ijyb
  2287 | D:3      | Noticed Natasha
  2290 | D:3      | Killed Natasha
  2728 | D:4      | Noticed Robin
  2731 | D:4      | Killed Robin
  2961 | D:5      | Entered Level 5 of the Dungeon
  3010 | D:5      | Reached **** piety under Trog
  3125 | D:5      | Found a bloodstained altar of Trog.
  3172 | D:5      | Found a staircase to the Ecumenical Temple.
  3355 | D:5      | Reached XP level 8. HP: 32/82 MP: 7/7
  3895 | D:6      | Reached skill level 4 in Axes
  3895 | D:6      | Reached skill level 1 in Shields
  4086 | D:6      | Noticed Grinder
  4100 | D:6      | Reached skill level 5 in Axes
  4105 | D:6      | Killed Grinder
  4105 | D:6      | Reached skill level 12 in Fighting
  4122 | D:6      | Reached skill level 3 in Shields
  4126 | D:6      | Reached skill level 6 in Axes
  4458 | D:6      | Reached skill level 7 in Axes
  4729 | D:6      | Reached XP level 9. HP: 59/90 MP: 8/8
  5265 | D:6      | Reached skill level 8 in Axes
  5425 | D:7      | Reached ***** piety under Trog
  5434 | D:7      | Reached skill level 9 in Axes
  5825 | D:7      | Reached skill level 6 in Shields
  6128 | D:7      | Reached skill level 10 in Axes
  6226 | D:7      | Gained mutation: You are weak. (Str -2) [potion of
                  | mutation]
  6226 | D:7      | Gained mutation: You have a pair of large horns on your
                  | head. [potion of mutation]
  6227 | D:7      | Lost mutation: You are weak. (Str -2) [potion of mutation]
  6227 | D:7      | Lost mutation: You have a pair of large horns on your head.
                  | [potion of mutation]
  6227 | D:7      | Gained mutation: You have an increased reservoir of magic.
                  | (+10% MP) [potion of mutation]
  6227 | D:7      | Gained mutation: Scrolls take you a little longer to read.
                  | [potion of mutation]
  6227 | D:7      | Gained mutation: Scrolls take you longer to read. [potion
                  | of mutation]
  6227 | D:7      | Gained mutation: Your flesh is heat resistant. (rF+)
                  | [potion of mutation]
  6428 | D:7      | Received a gift from Trog
  6481 | D:8      | Found a snail-covered altar of Cheibriados.
  6687 | D:8      | Noticed Maurice
  6703 | D:8      | HP: 2/90 [acid (12)]
  6707 | D:8      | Killed Maurice
  6707 | D:8      | Reached XP level 10. HP: 6/97 MP: 10/10
  7052 | D:8      | Noticed a two-headed ogre
  7060 | D:8      | Killed a two-headed ogre
  7060 | D:8      | Reached skill level 11 in Axes
  7240 | D:8      | Noticed a two-headed ogre
  7241 | D:8      | Found a basalt altar of Yredelemnul.
  7249 | D:8      | Killed a two-headed ogre
  7249 | D:8      | Reached skill level 12 in Axes
  8018 | D:8      | Reached skill level 9 in Shields
  8020 | D:8      | Reached skill level 13 in Axes
  8233 | D:8      | Found a blossoming altar of Fedhas.
  8682 | D:9      | Reached XP level 11. HP: 97/104 MP: 11/11
  8735 | D:9      | Found Ozxaaqor's Book Emporium.
  8736 | D:9      | Noticed a two-headed ogre
  8740 | D:9      | Killed a two-headed ogre
  8784 | D:9      | Found Zuku's Antique Armour Emporium.
  8793 | D:9      | Bought an ichor-stained chain mail for 285 gold pieces
  8795 | D:9      | Identified the +3 chain mail of Leaves {Str+5 Dex+3} (You
                  | bought it in a shop on level 9 of the Dungeon)
  8881 | D:9      | Noticed Pikel
  8891 | D:9      | Killed Pikel
  9040 | D:9      | Found Tacoe's Jewellery Shop.
  9047 | D:9      | Reached skill level 14 in Axes
  9058 | D:9      | Found Kietwam's General Store.
  9061 | D:9      | Bought a potion of heal wounds for 60 gold pieces
  9084 | D:9      | Found Myahiot's Weapon Boutique.
  9167 | D:9      | Received a gift from Trog
  9410 | D:10     | Entered Level 10 of the Dungeon
  9645 | D:9      | Bought a scroll of identify for 24 gold pieces
  9857 | D:10     | Found a staircase to the Lair.
  9893 | D:10     | Received a gift from Trog
 10206 | D:10     | Reached skill level 15 in Axes
 10307 | D:10     | Found Luguz's Assorted Antiques.
 10318 | D:10     | Bought a scroll labeled DEEKHA POMUINE for 24 gold pieces
 10466 | D:10     | Noticed a two-headed ogre
 10473 | D:10     | Killed a two-headed ogre
 10507 | D:10     | Found Heroqut's Weapon Shoppe.
 10669 | D:10     | Found a staircase to the Orcish Mines.
 10682 | D:10     | Found a roughly hewn altar of Beogh.
 10815 | Orc:1    | Entered Level 1 of the Orcish Mines
 10841 | Orc:1    | Noticed an ettin
 10883 | Orc:1    | HP: 4/104 [ettin/+0 dire flail (37)]
 10890 | Orc:1    | Killed an ettin
 10890 | Orc:1    | Reached skill level 16 in Axes
 10890 | Orc:1    | Reached XP level 12. HP: 21/112 MP: 12/12
 11475 | Orc:1    | Noticed an orc warlord
 11509 | Orc:1    | HP: 12/112 [orc warrior/tomahawk[an orc warlord] (9)]
 11514 | Orc:1    | HP: 7/112 [orc warlord/+1 long sword of slicing (28)]
 11517 | Orc:1    | Reached skill level 12 in Shields
 11519 | Orc:1    | HP: 7/112 [orc warrior/+0 mace[an orc warlord] (2)]
 11520 | Orc:1    | Demolished by an orc warlord

Vault maps used:
D:1:      ncdulo_wetmaze
D:3:      lemuel_doored_altar, hellmonk_ghost_happy_afterlife,
          bh_walls_and_bars, uniq_natasha, uniq_ijyb
D:4:      uniq_robin
D:5:      cheibrodos_helix_gallery, minmay_temple_entry_mist, basic_altar,
          first_ration
D:6:      uniq_grinder
D:8:      wad_crossroads, cheibriados_altar_1,
          chequers_temple_overflow_statue_of_worship,
          hangedman_little_slice_of_home, hangedman_incinerator, uniq_maurice
D:9:      serial_shops, nicolae_shop_competitors_out_of_business,
          nicolae_shop_behind_doors, shop, shop, shop, uniq_pikel
D:10:     due_lair_maze_entry_diamond, minmay_orc_entry_temple_small,
          serial_shops, nicolae_shop_behind_doors, nicolae_shop_trees

Skill      XL: |  1  2  3  4  5  6  7  8  9 10 11 12 |
---------------+-------------------------------------+-----
Fighting       | 4 5 6 7 8 9 11 12 | 12.0
Axes           | 7 10 13 16 | 16.1
Shields        | 4 7 9 11 12 | 12.0
Armour         | |  2.4
Dodging        | |  2.1

Action                   |  1- 3 |  4- 6 |  7- 9 | 10-12 || total
-------------------------+-------+-------+-------+-------++-------
Melee: Hand axe          |    50 |    58 |       |       ||   108
       Headbutt          |    11 |    17 |    78 |    82 ||   188
       War axe           |       |    36 |   231 |   298 ||   565
       Spear             |       |       |   137 |     1 ||   138
       Battleaxe         |       |       |       |    50 ||    50
Throw: Tomahawk          |       |       |       |     2 ||     2
Invok: Trog's Hand       |       |     2 |     4 |     1 ||     7
       Berserk           |       |     1 |     1 |     1 ||     3
Evoke: Wand              |       |       |     2 |     6 ||     8
  Use: Scroll            |       |     7 |     8 |     8 ||    23
       Potion            |       |       |     4 |     3 ||     7
  Eat: Chunk             |       |     4 |    18 |    14 ||    36
       Ration            |       |       |       |     2 ||     2
Armor: Ring mail         |    16 |    36 |    82 |    16 ||   150
       Chain mail        |       |       |       |   110 ||   110
Dodge: Dodged            |    32 |    55 |   113 |   119 ||   319
Block: Large shield      |       |       |   190 |   145 ||   335

Table legend:
 A = Non-vault XP
 B = Vault XP
 C = Vault XP percentage of total XP
 D = Non-vault monster count
 E = Vault monster count
 F = Vault count percentage of total count
                 A         B        C        D         E       F
            +---------+---------+-------+---------+---------+-------
      Total |   17173 |    6491 |  27.4 |     262 |      83 |  24.1
            +---------+---------+-------+---------+---------+-------
        D:1 |      35 |       0 |   0.0 |      19 |       0 |   0.0
        D:2 |     193 |       0 |   0.0 |      28 |       0 |   0.0
        D:3 |     397 |     253 |  38.9 |      33 |       3 |   8.3
        D:4 |     146 |      36 |  19.8 |       7 |      12 |  63.2
        D:5 |     421 |      70 |  14.3 |      15 |       2 |  11.8
        D:6 |    1474 |     286 |  16.2 |      33 |       1 |   2.9
        D:7 |    1755 |       0 |   0.0 |      29 |       0 |   0.0
        D:8 |    3792 |    1784 |  32.0 |      26 |      19 |  42.2
        D:9 |    1814 |     629 |  25.7 |      19 |       1 |   5.0
       D:10 |    4114 |    3433 |  45.5 |      30 |      45 |  60.0
      Orc:1 |    3032 |       0 |   0.0 |      23 |       0 |   0.0
            +---------+---------+-------+---------+---------+-------
